 Dungeon Crawl Stone Soup version 0.29.1-2-gbd0b4ee654 (webtiles) character file.

Game seed: 4385296843282489887

140 RascalDebosk the Magician (level 5, -6/37 HPs)
             Began as a Djinni Hedge Wizard on Oct 30, 2022.
             Killed from afar by an electric eel (10 damage)
             ... with a bolt of electricity
             ... on level 3 of the Dungeon.
             The game lasted 00:20:34 (3377 turns).

RascalDebosk the Magician (Djinni Hedge Wizard)     Turns: 3377, Time: 00:20:34

Health: -6/37      AC:  4    Str: 15    XL:     5   Next: 46%
Gold:   180        EV: 12    Int: 17    God:
                   SH:  0    Dex: 13

rFire   + + .      SeeInvis +   n - +3 hammer "Oluecvy" {vorpal, Str+6}
rCold   x . .      Faith    .   (no shield)
rNeg    . . .      Spirit   .   b - +0 robe
rPois   ∞          Reflect  .   c - +0 hat
rElec   .          Harm     .   o - +0 cloak
rCorr   .          Rampage  .   a - +0 pair of gloves
Will    .....                   (boots unavailable)
Stlth   ++........              (no amulet)
HPRegen 0.12/turn               e - ring of see invisible
MPRegen 0.00/turn               (no ring)

@: flying, very slightly contaminated
A: sickness immunity, fire resistance 2, cold vulnerability 1, float, innate
caster, HP casting, extra vitality 1
a: no special abilities


You were on level 3 of the Dungeon.
You visited 1 branch of the dungeon, and saw 3 of its levels.

You collected 180 gold pieces.

Inventory:

Hand Weapons
 l - a +1 mace of protection
 n - the +3 hammer "Oluecvy" (weapon) {vorpal, Str+6}
   (You found it on level 2 of the Dungeon)

   It inflicts extra damage upon your enemies.
   Str:       It affects your strength (+6).
Armour
 a - a +0 pair of gloves (worn)
 b - a +0 robe (worn)
 c - a +0 hat (worn)
 o - a +0 cloak (worn)
Jewellery
 e - a ring of see invisible (left hand)
Wands
 s - a wand of flame (15)
Scrolls
 f - a scroll of vulnerability {unknown}
 g - a scroll of brand weapon {unknown}
 h - 2 scrolls of blinking {unknown}
 i - 4 scrolls of identify {unknown}
 k - a scroll of noise {unknown}
 p - a scroll of enchant armour {unknown}
 q - a scroll of fear {unknown}
Potions
 d - a potion of haste {unknown}
 j - 2 potions of lignification {unknown}
 m - a potion of resistance {unknown}
 r - a potion of magic {unknown}


   Skills:
 + Level 1.1 Fighting
 - Level 2.1 Dodging
 - Level 1.5 Stealth
 * Level 4.3 Spellcasting


You couldn't memorise any spells.
You knew the following spells:

 Your Spells              Type           Power      Damage    Failure   Level
a - Magic Dart            Conj           72%        1d6       2%          1
b - Blink                 Tloc           36%        N/A       4%          2
c - Call Imp              Summ           18%        N/A       4%          2
d - Slow                  Hex            72%        N/A       2%          1
e - Conjure Flame         Conj/Fire      18%        6-21      8%          3
f - Mephitic Cloud        Conj/Pois/Air  18%        N/A       8%          3
g - Necrotise             Necr           72%        1d7       2%          1
h - Searing Ray           Conj           36%        2d5       4%          2
Your spell library was empty.

Dungeon Overview and Level Annotations

Branches:
Dungeon (3/15)

Altars:

Annotations:
D:3 1 transporter


Innate Abilities, Weirdness & Mutations

You are immune to sickness and miasma.
You are immune to poison.
Your flesh is very heat resistant. (rF++)
You are vulnerable to cold. (rC-)
You float through the air rather than walking.
You learn spells naturally, not from books.
Your magical power is your life essence.
You have superior vitality. (+4 MHP)


Message History

You see here a dart slug corpse.
There is a stone staircase leading up here.
r - a brown potion You reach down and open the door.
There is an open door here.
Found a transporter.
You now have 180 gold pieces (gained 13).
Found 7 stones.
As you open the door, it creaks loudly!
There is an open door here.
Found a transporter.
There is a transporter here.
You enter the transporter and appear at another place.
s - a wand of flame (15)
You reach down and open the door.
Aiming: Magic Dart (safe; 3% risk of failure)
Press: ? - help, Q - select action, (/) - cycle Shift-Dir - straight line, f - electric eel
Aim: an electric eel (100% to hit)
The magic dart hits the electric eel.
The electric eel is lightly wounded.
The electric eel shoots out a bolt of lightning at you!
The bolt of electricity hits you!
The bolt of electricity hits the plant.
The plant begins to die.
The bolt of electricity hits the plant.
Aiming: Magic Dart (safe; 3% risk of failure)
Press: ? - help, Q - select action, (/) - cycle Shift-Dir - straight line, f/p - electric eel
Aim: an electric eel (lightly wounded, 100% to hit)
The magic dart hits the electric eel.
The electric eel is heavily wounded.
Aiming: Magic Dart (safe; 3% risk of failure)
Press: ? - help, Q - select action, (/) - cycle Shift-Dir - straight line, f/p - electric eel
Aim: an electric eel (heavily wounded, 100% to hit)
The magic dart hits the electric eel.
The electric eel is severely wounded.
The electric eel shoots out a bolt of lightning at you!
The bolt of electricity hits you.
The bolt of electricity hits the plant! x2
Aiming: Magic Dart (safe; 3% risk of failure)
Press: ? - help, Q - select action, (/) - cycle Shift-Dir - straight line, f/p - electric eel
Aim: an electric eel (severely wounded, 100% to hit)
The magic dart hits the electric eel.
The electric eel is almost dead.
A nearby plant withers and dies.
The electric eel shoots out a bolt of lightning at you!
The bolt of electricity hits you!
* * * LOW HITPOINT WARNING * * *
Aiming: Magic Dart (safe; 3% risk of failure)
Press: ? - help, Q - select action, (/) - cycle Shift-Dir - straight line, f/p - electric eel
Aim: an electric eel (almost dead, 100% to hit)
The magic dart hits the electric eel.
You kill the electric eel!
* * * LOW HITPOINT WARNING * * *
Your Fighting skill increases to level 1!
You start resting.
HP restored.
You reach down and close the door.
You reach down and open the door.
The electric eel shoots out a bolt of lightning at you!
The bolt of electricity hits you!
The bolt of electricity hits the plant!
The plant begins to die.
The bolt of electricity hits the plant.
Aiming: Magic Dart (safe; 2% risk of failure)
Press: ? - help, Q - select action, (/) - cycle Shift-Dir - straight line, f - electric eel
Aim: an electric eel (100% to hit)
The magic dart hits the electric eel.
The electric eel is moderately wounded.
The electric eel shoots out a bolt of lightning at you!
The bolt of electricity hits you!
* * * LOW HITPOINT WARNING * * *
The bolt of electricity hits the plant.
The bolt of electricity hits the plant!
Aiming: Magic Dart (safe; 2% risk of failure)
Press: ? - help, Q - select action, (/) - cycle Shift-Dir - straight line, f/p - electric eel
Aim: an electric eel (moderately wounded, 100% to hit)
The magic dart hits the electric eel.
The electric eel is severely wounded.
* * * LOW HITPOINT WARNING * * *
Aiming: Magic Dart (safe; 2% risk of failure)
Press: ? - help, Q - select action, (/) - cycle Shift-Dir - straight line, f/p - electric eel
Aim: an electric eel (heavily wounded, 100% to hit)
You miscast Magic Dart.
You are very lightly contaminated with residual magic.
Nothing appears to happen.
* * * LOW HITPOINT WARNING * * *
Aiming: Magic Dart (safe; 2% risk of failure)
Press: ? - help, Q - select action, (/) - cycle Shift-Dir - straight line, f/p - electric eel
Aim: an electric eel (heavily wounded, 100% to hit)
The magic dart hits the electric eel.
The electric eel is severely wounded.
* * * LOW HITPOINT WARNING * * *
The electric eel shoots out a bolt of lightning at you!
The bolt of electricity hits you!
* * * LOW HITPOINT WARNING * * *
The bolt of electricity hits the plant!
The bolt of electricity hits the plant.
Aiming: Magic Dart (safe; 2% risk of failure)
Press: ? - help, Q - select action, (/) - cycle Shift-Dir - straight line, f/p - electric eel
Aim: an electric eel (severely wounded, 100% to hit)
The magic dart hits the electric eel.
The electric eel is almost dead.
* * * LOW HITPOINT WARNING * * *
A nearby plant withers and dies.
The electric eel shoots out a bolt of lightning at you!
The bolt of electricity hits you!
You die...

........ ####....#####
..###### #.......# ..#
#.###.†##### ..# #
#......##
..###################
#.####...
.##.................# #.#
##.. .##.###############.#
#.# #.#
.##.#8P#~~~~~~~#~8#.## #.#
#.# ....#..#.......#@.#..##
#. #.#
...©#©!+...♣...'.©#©..#.#.
#.#
.#..#..#..(....#..#.....#
#.#
.##.#8P#~~~~~~S#~8#.#.....#
#.#
.##.###############.#......
..#
.##.................#.#####
#.# .####################.#
.# ##


You could see an electric eel.

Vanquished Creatures
  An electric eel (D:3)
  Crazy Yiuf (D:2)
  3 adders
  A worm (D:2)
  3 dart slugs
  2 bats (D:1)
  An endoplasm (D:2)
  2 giant cockroaches (D:1)
  4 goblins
  2 hobgoblins
  2 quokkas
  6 ball pythons
  3 frilled lizards
  4 kobolds
  4 rats
39 creatures vanquished.

Vanquished Creatures (others)
  A fungus (D:2)
  2 plants (D:3)
3 creatures vanquished.

Grand Total: 42 creatures vanquished

Notes
Turn   | Place    | Note
-------+----------+-------------------------------------------
     0 | D:1      | RascalDebosk the Djinni Hedge Wizard began the quest for
                  | the Orb.
     0 | D:1      | RascalDebosk set off with the following spells memorised:
                  | Magic Dart, Blink, Call Imp, Slow, Conjure Flame, Mephitic
                  | Cloud.
     0 | D:1      | Reached XP level 1. HP: 15/15 MP: 0/0
   272 | D:1      | Reached XP level 2. HP: 19/21 MP: 0/0
   561 | D:1      | Reached skill level 3 in Spellcasting
   915 | D:1      | Found a faded altar of an unknown god.
  1188 | D:2      | Reached XP level 3. HP: 13/25 MP: 0/0
  1188 | D:2      | Learned a level 1 spell: Necrotise
  1956 | D:2      | Reached XP level 4. HP: 30/31 MP: 0/0
  2211 | D:2      | Found a runed translucent door.
  2212 | D:2      | Noticed Crazy Yiuf
  2225 | D:2      | Killed Crazy Yiuf
  2226 | D:2      | Reached skill level 4 in Spellcasting
  2402 | D:2      | Identified the +3 hammer "Oluecvy" {vorpal, Str+6}
  2804 | D:3      | Reached XP level 5. HP: 34/36 MP: 0/0
  2804 | D:3      | Learned a level 2 spell: Searing Ray
  3080 | D:3      | Found a transporter.
  3124 | D:3      | Found a transporter.
  3145 | D:3      | Reached skill level 1 in Fighting
  3377 | D:3      | Killed from afar by an electric eel

Illustrated notes

Levels and vault maps discovered:
D:1:      wheals_arrival_shading, layout_basic, chequers_ecumenical_altar_grove,
          nrook_mini_backslash
D:2:      layout_basic, uniq_crazy_yiuf_cottage
D:3:      gammafunk_steamed_eel, layout_basic, okawaru_altar_gauntlet_db,
          minivault_4

Skill      XL: |  1  2  3  4  5 |
---------------+----------------+-----
Spellcasting   | 3 4 |  4.3
Fighting       | 1 |  1.1
Dodging        | |  2.1
Stealth        | |  1.5

Action                   |  1- 3 |  4- 6 || total
-------------------------+-------+-------++-------
Melee: Dagger            |     4 |       ||     4
       Mace              |     8 |    16 ||    24
 Cast: Magic Dart        |    67 |    30 ||    97
       Slow              |     2 |       ||     2
       Blink             |     2 |       ||     2
       Mephitic Cloud    |     1 |     1 ||     2
       Necrotise         |     1 |     1 ||     2
       Searing Ray       |       |     1 ||     1
 Stab: Confused          |       |     1 ||     1
Armor: Robe              |    11 |     4 ||    15
Dodge: Dodged            |    10 |     8 ||    18
